 Dungeon Crawl Stone Soup version 0.31-a0-460-g9e667d4245 (webtiles) character file.

Game seed: 6584356863303713561

70 Dittersdorf the Trooper (level 4, -8/29 HPs)
             Began as a Gargoyle Fighter on Aug 4, 2023.
             Mangled by an orange demon (9 damage)
             ... on level 1 of the Abyss.
             The game lasted 00:01:38 (1777 turns).

Dittersdorf the Trooper (Gargoyle Fighter)          Turns: 1777, Time: 00:01:38

Health: -8/29      AC: 10    Str: 21    XL:     4   Next: 22%
Magic:  4/4        EV:  9    Int:  9    God:
Gold:   78         SH:  4    Dex:  9    Spells: 3/3 levels left

rFire   . . .        a - +0 flail
rCold   . . .        c - +0 buckler
rNeg    + . .        b - +0 scale mail
rPois   ∞            (no helmet)
rElec   +            (no cloak)
rCorr   .            (no gloves)
SInv    .            (no boots)
Will    .....        (no amulet) Stlth
                     (no ring)
HPRegen 0.24/turn    (no ring)
MPRegen 0.09/turn

%: no passive effects
@: no status effects
A: sickness immunity, AC +3, negative energy resistance 1, electricity
resistance, torment resistance 1, petrification resistance
a: no special abilities


You were on level 1 of the Abyss.
You visited 1 branch of the dungeon, and saw 3 of its levels.
You visited the Abyss 1 time.

You collected 138 gold pieces.
You spent 60 gold pieces at shops.

Inventory:

Hand Weapons
 a - a +0 flail (weapon)
Armour
 b - a +0 scale mail (worn)
 c - a +0 buckler (worn)
Scrolls
 e - 2 scrolls of teleportation {unknown}
 g - a scroll of brand weapon {unknown}
 h - a scroll of immolation {unknown}
 i - a scroll of fear {unknown}
 j - 3 scrolls of noise {unknown}
 k - 2 scrolls of fog {unknown}
Potions
 d - a potion of might
 f - a potion of curing {unknown}
 l - a potion of enlightenment {unknown}
 m - a potion of heal wounds
 n - a potion of haste {unknown}
 o - a potion of brilliance {unknown}
 p - a potion of mutation {unknown}


   Skills:
 + Level 3.9 Fighting
 + Level 2.7 Maces & Flails
 + Level 3.9 Armour
 + Level 3.9 Shields


You had 3 spell levels left.
You didn't know any spells.
Your spell library was empty.

Dungeon Overview and Level Annotations

Branches:
Dungeon (3/15)

Altars:
Cheibriados
Makhleb
Xom

Shops:
D:2 !


Innate Abilities, Weirdness & Mutations

You are immune to sickness and miasma.
Your stone body is resilient. (AC +3)
You are immune to poison.
You resist negative energy. (rN+)
You are resistant to electric shocks. (rElec)
You are resistant to unholy torment.
You are immune to petrification.


Message History

The crimson imp hits you with a +1 dagger of chaos.
The crimson imp burns you.
You barely miss the crimson imp. You closely miss the crimson imp.
The crimson imp shouts, "Give up, thou peeagling dizzy-eyed vassal!"
The crimson imp hits you but does no damage.
You hit the crimson imp but do no damage.
The crimson imp hits you but does no damage.
You are cast into the Abyss!
This branch contains the abyssal rune of Zot.
HP restored.
There is an open door here.
Your extra speed is starting to run out.
Found a corrupted altar of Lugonu.
You feel yourself slow down.
An orange demon comes into view.
The orange demon screeches!
Found a gateway leading deeper into the Abyss.
A worldbinder comes into view.
There is a corrupted altar of Lugonu here.
The worldbinder calls forth creatures from the Snake Pit!
The worldbinder barely misses you. The worldbinder hits you.
The worldbinder calls forth creatures from the Snake Pit!
The naga warrior hits you with a +0 long sword!
The naga warrior grabs you. The naga warrior constricts you.
The naga warrior's grasp on you weakens, but your attempt to escape fails.
The worldbinder hits you. The worldbinder barely misses you.
The orange demon stings you from afar!
* * * LOW HITPOINT WARNING * * *
The naga warrior loses its grip on you.
The naga warrior roars a battlecry!
The naga warrior goes into a battle-frenzy!
You sock the black mamba!
The black mamba is lightly wounded.
The black mamba closely misses you. The worldbinder barely misses you.
The worldbinder hits you but does no damage.
The black mamba bites you.
* * * LOW HITPOINT WARNING * * *
The orange demon stings you from afar!
You die...

.. .# .. . . .# .
... ##.### . . # .
. #.... ... #
...... #Sx### ... .
..####@.N.# ... ..
# #.#.#N###..# ...#
. #..##..4_#
.....###.##.#..#
##...#........##..#
##.#....# .#.###
..# ###.. .##.# .#
##># #... ..##.#.#
... .....##..##.#
.##


You could see 2 naga warriors, an orange demon, a worldbinder and a black mamba
(summoned).

Vanquished Creatures
  2 adders (D:2)
  2 worms (D:2)
  2 orcs (D:3)
  5 ball pythons
  5 endoplasms
  7 goblins
  4 hobgoblins
  2 quokkas
  A bat (D:1)
  7 frilled lizards
  2 kobolds (D:2)
  4 rats
43 creatures vanquished.

Notes
Turn   | Place    | Note
-------+----------+-------------------------------------------
     0 | D:1      | Dittersdorf the Gargoyle Fighter began the quest for the
                  | Orb.
     0 | D:1      | Reached XP level 1. HP: 14/14 MP: 1/1
   106 | D:1      | Reached XP level 2. HP: 11/19 MP: 2/2
   891 | D:2      | Reached XP level 3. HP: 16/24 MP: 3/3
   927 | D:2      | Found Xoef's Distillery.
   945 | D:2      | Bought a potion of heal wounds for 60 gold pieces
  1006 | D:2      | Found a snail-covered altar of Cheibriados.
  1287 | D:2      | Reached XP level 4. HP: 23/29 MP: 4/4
  1722 | D:3      | Found a shimmering altar of Xom.
  1723 | D:3      | Found a burning altar of Makhleb.
  1737 | Abyss:1  | Cast into level 1 of the Abyss (crimson imp)
  1764 | Abyss:1  | Found a corrupted altar of Lugonu.
  1771 | Abyss:1  | Noticed an orange demon
  1773 | Abyss:1  | Noticed a worldbinder
  1775 | Abyss:1  | Noticed a naga warrior
  1776 | Abyss:1  | Noticed a naga warrior
  1776 | Abyss:1  | Noticed a black mamba
  1777 | Abyss:1  | HP: 1/29 [black mamba[a worldbinder] (2)]
  1777 | Abyss:1  | Mangled by an orange demon

Illustrated notes

Levels and vault maps discovered:
D:1:      nicolae_arrival_washed_ashore, layout_basic, dreamdust_princess_bridge
D:2:      layout_loops_cross, basic_altar, serial_shops, nicolae_shop_stone
D:3:      layout_rooms, grunt_temple_overflow_champion_of_chaos, serial_shops,
          shop
Abyss:1:  base: D:2, spicy_abyss_pitcher_plant

Action                     |  1- 3 |  4- 6 || total
---------------------------+-------+-------++-------
  Melee: Flail             |   102 |    53 ||   155
 Armour: Scale mail        |    54 |    28 ||    82
  Dodge: Dodged            |    45 |    25 ||    70
  Block: Buckler           |    19 |     9 ||    28

Table legend: (Time is in decaauts)
 A = Elapsed time spent in this place.
 B = Non-inter-level travel time spent in this place.
 C = Inter-level travel time spent in this place.
 D = Time resting spent in this place.
 E = Time spent auto-exploring this place.
 F = Levels seen in this place.
 G = Mean time per level.
                   A        B        C        D        E       F      G
               +--------+--------+--------+--------+--------+-----+--------+
         Total |   1810 |   1715 |     95 |      0 |   1367 |   4 |  452.5 |
       Dungeon |   1781 |   1686 |     95 |      0 |   1346 |   3 |  593.7 |
         Abyss |     28 |     28 |      0 |      0 |     21 |   1 |   28.0 |
               +--------+--------+--------+--------+--------+-----+--------+

Top non-repeatable levels by time:
     D:1: 914 daAuts
     D:2: 787 daAuts
     D:3: 79 daAuts
 Abyss:1: 28 daAuts
